 Dungeon Sprint DCSS version 0.23.2-1-ga50397a6bc (webtiles) character file.

Game seed: 9333372457461651928

730 Kobolds4U the Unseen (level 7, -1/33 HPs)
             Began as a Spriggan Assassin on May 28, 2019.
             Was an Initiate of Sif Muna.
             Slain by a sixfirhy (8 damage)
             ... summoned by a kobold demonologist
             ... in the Dungeon (Sprint I: "Red Sonja").
             The game lasted 00:03:41 (313 turns).

Kobolds4U the Unseen (Spriggan Assassin)             Turns: 313, Time: 00:03:41

Health: -1/33      AC: -5    Str:  7    XL:     7   Next: 44%
Magic:  1/11       EV: 28    Int: 13    God:    Sif Muna [......]
Gold:   314        SH:  0    Dex: 19    Spells: 8/10 levels left

rFire    . . .     SeeInvis +   a - +2 dagger
rCold    . . .     Gourm    .   (shield restricted)
rNeg     . . .     Faith    .   c - +0 robe
rPois    .         Spirit   .   (helmet restricted)
rElec    .         Reflect  .   d - +0 cloak
rCorr    .         Harm     .   (gloves unavailable)
MR       +....     NoTele   +   (boots unavailable)
Stlth    ++++++++..             (no amulet)
HPRegen  0.11/turn              (no ring)
MPRegen  0.12/turn              (no ring)

@: corroded, very quick
A: very small, unfitting armour, see invisible, herbivore, speed 3, slow
metabolism 2
a: Renounce Religion


You were in the Dungeon.
You worshipped Sif Muna.
Sif Muna was noncommittal.
You were not hungry.

You visited 1 branch You collected 405 gold pieces.
You spent 91 gold pieces at shops.

Inventory:

Hand Weapons
 a - a +2 dagger (weapon)
 b - a +0 blowgun
Missiles
 e - 5 poisoned needles
Armour
 c - a +0 robe (worn)
 d - a +0 cloak (worn)
Wands
 n - a wand of polymorph (3)
 p - a wand of enslavement (5)
Scrolls
 m - a scroll of blinking
Potions
 f - a potion of lignification {unknown}
 h - a potion of curing
 i - a potion of heal wounds
 j - a potion of haste
 k - 2 potions of magic
 l - a potion of berserk rage
Comestibles
 g - a ration


   Skills:
 - Level 1.5 Fighting
 - Level 2.1 Short Blades
 - Level 2.0 Throwing
 - Level 11.0 Dodging
 * Level 19.7 Stealth
 + Level 2.3 Spellcasting
 + Level 4.4 Hexes


You had 8 spell levels left.
You knew the following spells:

 Your Spells              Type           Power        Failure   Level  Hunger
a - Slow                  Hex            ##......     6%          2    ###....

Your spell library contained the following spells:

 Spells                   Type           Power        Failure   Level  Hunger
 Magic Dart               Conj           #...         24%         1    #......
 Blink                    Tloc           N/A          36%         2    ###....
 Call Imp                 Summ           #.......     36%         2    ###....
 Conjure Flame            Conj/Fire      #.......     58%         3    ###....
 Mephitic Cloud           Conj/Pois/Air  #.......     58%         3    ###....


Dungeon Overview and Level Annotations

Branches:
Dungeon (1/1)

Altars:
Cheibriados
Dithmenos
Elyvilon
Fedhas
Gozag
Hepliaklqana
Kikubaaqudgha
Makhleb
Nemelex Xobeh
Okawaru
Qazlal
Ru
Sif Muna
Trog
Uskayaw
Vehumet
Wu Jian
Xom
Yredelemnul
Zin
The Shining One
Jiyva
Lugonu

Shops:
D }


Innate Abilities, Weirdness & Mutations

You are very small and have problems with some larger weapons.
You are too small for most types of armour.
You have supernaturally acute eyesight. (SInv)
You are a herbivore.
You cover ground extremely quickly.
You need to consume almost no food.


Message History

The kobold demonologist gestures wildly while chanting.
The rust devil completely misses you.
You miss the kobold demonologist.
The kobold demonologist is lightly wounded.
The kobold demonologist misses you. The iron imp barely misses you.
The kobold demonologist gestures wildly while chanting.
You hit the kobold demonologist but do no damage.
The kobold demonologist is lightly wounded.
The rust devil misses you.
The kobold demonologist closely misses you.
The kobold demonologist completely misses you.
You hit the kobold demonologist but do no damage.
The kobold demonologist is lightly wounded.
The crimson imp blinks!
The iron imp misses you.
The crimson imp blinks!
The kobold demonologist barely misses you.
The sixfirhy closely misses you.
You hit the kobold demonologist.
The kobold demonologist is moderately wounded.
The sixfirhy completely misses you. The sixfirhy hits you!
You die...

####################
'..#..'..#__#..5@K§#
#..'..#..'..'5.#K35#
##'#####'#__####345+
#..#...#)#### #####
####..##(#
___##'#_.+
∩...'..._#
.__##_.#'#
___###+#.#


You could see a rust devil, 2 kobold demonologists, a sixfirhy, a smoke demon,
an iron imp, 2 crimson imps and an ufetubus.

Vanquished Creatures
  A slime creature (D)
  Sigmund (D)
  A yak (D)
  A floating eye (D)
  An ogre (D)
  A jelly (D)
  Ijyb (D)
7 creatures vanquished.

Notes
Turn   | Place    | Note
-------+----------+-------------------------------------------
     0 | D        | Kobolds4U the Spriggan Assassin began the quest for the
                  | Orb.
     0 | D        | Reached XP level 1. HP: 10/10 MP: 2/2
     1 | D        | Noticed Ijyb
    10 | D        | Killed Ijyb
    10 | D        | Reached skill level 10 in Stealth
    10 | D        | Reached XP level 2. HP: 14/14 MP: 3/3
    32 | D        | Noticed an ogre
    65 | D        | Killed an ogre
    65 | D        | Reached skill level 13 in Stealth
    65 | D        | Reached XP level 3. HP: 18/18 MP: 4/4
    65 | D        | Reached XP level 4. HP: 22/22 MP: 5/5
    87 | D        | Noticed Sigmund
   114 | D        | Killed Sigmund
   114 | D        | Reached skill level 16 in Stealth
   114 | D        | Reached XP level 5. HP: 19/25 MP: 6/6
   114 | D        | Reached XP level 6. HP: 22/30 MP: 7/7
   203 | D        | Found a burning altar of Makhleb.
   203 | D        | Found a viscous altar of Jiyva.
   203 | D        | Found a shimmering altar of Xom.
   203 | D        | Found a corrupted altar of Lugonu.
   203 | D        | Noticed a slime creature
   206 | D        | Killed a slime creature
   206 | D        | Reached skill level 18 in Stealth
   208 | D        | Found an ornate altar of the Wu Jian Council.
   208 | D        | Found a deep blue altar of Sif Muna.
   210 | D        | Found a radiant altar of Vehumet.
   222 | D        | Learned a level 2 spell: Slow
   239 | D        | Found Kemaonwy's Gadget Emporium.
   239 | D        | Found an ancient bone altar of Kikubaaqudgha.
   239 | D        | Found a hazy altar of Hepliaklqana.
   239 | D        | Found a stormy altar of Qazlal.
   239 | D        | Found a hide-covered altar of Uskayaw.
   239 | D        | Found a blossoming altar of Fedhas.
   239 | D        | Found a bloodstained altar of Trog.
   239 | D        | Found an iron altar of Okawaru.
   239 | D        | Found a basalt altar of Yredelemnul.
   239 | D        | Found a glowing golden altar of the Shining One.
   239 | D        | Found a snail-covered altar of Cheibriados.
   239 | D        | Found a sacrificial altar of Ru.
   239 | D        | Found a glowing silver altar of Zin.
   239 | D        | Found a shadowy altar of Dithmenos.
   239 | D        | Found a white marble altar of Elyvilon.
   239 | D        | Noticed a yak
   240 | D        | Found an opulent altar of Gozag.
   241 | D        | Killed a yak
   241 | D        | Reached skill level 19 in Stealth
   241 | D        | Reached XP level 7. HP: 33/33 MP: 8/8
   242 | D        | Found a sparkling altar of Nemelex Xobeh.
   246 | D        | Bought a wand of enslavement (5) for 91 gold pieces
   256 | D        | Became a worshipper of Sif Muna the Loreminder
   276 | D        | Noticed a kobold demonologist
   277 | D        | Noticed a kobold demonologist
   287 | D        | Noticed a rust devil
   298 | D        | Noticed a rust devil
   303 | D        | Noticed a smoke demon
   310 | D        | Noticed a sixfirhy
   313 | D        | Slain by a sixfirhy

Skill      XL: |  1  2  3  4  5  6  7 |
---------------+----------------------+-----
Stealth        | 10 13 16 19 | 19.7
Dodging        | 6 9 11 | 11.0
Hexes          | 3 4 |  4.4
Spellcasting   | 2 |  2.3
Fighting       | |  1.5
Short Blades   | |  2.1
Throwing       | |  2.0

Action                   |  1- 3 |  4- 6 |  7- 9 || total
-------------------------+-------+-------+-------++-------
Melee: Unarmed           |     7 |       |       ||     7
       Dagger            |     1 |     3 |    23 ||    27
 Fire: Blowgun           |     5 |     4 |     4 ||    13
 Cast: Slow              |       |       |     5 ||     5
 Stab: Confused          |     1 |       |       ||     1
       Sleeping          |       |     3 |     1 ||     4
Armor: Robe              |       |       |     2 ||     2
Dodge: Dodged            |     6 |     2 |    53 ||    61
